 Dungeon Crawl Stone Soup version 0.31-a0-986-g5e6e4ef867 (webtiles) character file.

Game seed: 3583094890071952700

4014 Kauriferous the Fighter (level 10, -1/96 HPs)
             Began as a Minotaur Fighter on Nov 3, 2023.
             Was an Elder of Okawaru.
             Killed by divine providence
             ... invoked by a meliai
              (15 damage)
             ... on level 8 of the Dungeon.
             The game lasted 00:27:17 (6534 turns).

Kauriferous the Fighter (Minotaur Fighter)          Turns: 6534, Time: 00:27:18

Health: -1/96      AC: 11    Str: 31    XL:     10   Next: 3%
Magic:  9/11       EV: 12    Int:  5    God:    Okawaru [****..]
Gold:   516        SH: 12    Dex: 10    Spells: 9/9 levels left

rFire   . . .        a - +0 war axe
rCold   . . .        c - +0 buckler
rNeg    . . .        b - +0 scale mail
rPois   +            (helmet restricted)
rElec   .            (no cloak)
rCorr   .            l - +0 pair of gloves
SInv    .            (no boots)
Will    .....        s - amulet of reflection
Stlth   +            f - +6 ring of strength
HPRegen 0.36/turn    m - ring of poison resistance
MPRegen 0.12/turn

%: reflection
@: heroic, studying Fighting, invisible
A: horns 2, retaliatory headbutt
a: Renounce Religion, Heroism, Finesse


You were on level 8 of the Dungeon.
You worshipped Okawaru.
Okawaru was greatly pleased with you.
You visited 1 branch of the dungeon, and saw 9 of its levels.

You collected 516 gold pieces.

Inventory:

Hand Weapons
 a - a +0 war axe (weapon)
Missiles
 z - a boomerang (quivered)
 E - a throwing net
Armour
 b - a +0 scale mail (worn)
 c - a +0 buckler (worn)
 l - a +0 pair of gloves (worn)
Jewellery
 f - a +6 ring of strength (left hand)
 m - a ring of poison resistance (right hand)
 n - a +4 ring of slaying
 s - an amulet of reflection (around neck)
Scrolls
 e - a scroll of vulnerability {unknown}
 i - a scroll of teleportation
 k - a scroll of butterflies {unknown}
 p - a scroll of revelation {unknown}
 r - a scroll of fog {unknown}
 u - a scroll of enchant armour {unknown}
 v - a scroll of blinking {unknown}
 w - a scroll of brand weapon {unknown}
 y - 3 scrolls of enchant weapon
 A - a scroll of torment {unknown}
 D - a scroll of poison {unknown}
 F - a scroll of noise {unknown}
Potions
 d - a potion of haste {unknown}
 g - a potion of berserk rage {unknown}
 h - 2 potions of heal wounds {unknown}
 j - a potion of enlightenment {unknown}
 o - 3 potions of brilliance
 q - 3 potions of cancellation {unknown}
 t - 3 potions of resistance {unknown}
 B - a potion of attraction {unknown}
 C - a potion of curing {unknown}
 G - 2 potions of ambrosia {unknown}


   Skills:
 + Level 11.3(16.3) Fighting
 + Level 8.5(13.5) Axes
 + Level 3.0(8.0) Throwing
 + Level 9.1(14.1) Armour
 + Level 9.0(14.0) Shields
 + Level 3.0 Invocations


You had 9 spell levels left.
You didn't know any spells.
Your spell library contained the following spells:

 Spells                   Type           Power      Damage    Failure   Level
 Magic Dart               Conj           0%         1d3       67%         1
 Momentum Strike          Conj/Tloc      0%         3d8       82%         2
 Mephitic Cloud           Conj/Pois/Air  0%         N/A       96%         3
 Call Imp                 Summ           Unusable   N/A       N/A         2

Dungeon Overview and Level Annotations

Branches:
Dungeon (9/15)             Temple (0/1) D:7            Lair (0/5) D:8
    Orc: D:9-12

Altars:
Ashenzari
Dithmenos
Fedhas
Gozag
Makhleb
Okawaru
Qazlal
Sif Muna
Trog
Xom
Zin

Annotations:
D:6 Edmund, Sigmund
D:7 2 transporters, croobank's ghost, novice DgSh


Innate Abilities, Weirdness & Mutations

You have a pair of horns on your head.
You reflexively headbutt those who attack you in melee.


Message History

The meliai barely misses you. The meliai closely misses you.
You block the meliai's attack. x2; The meliai closely misses you.
The meliai hits you with a +0 hand axe.
* * * LOW HITPOINT WARNING * * *
The meliai barely misses you.
You gain the combat prowess of a mighty hero.
You block the meliai's attack. The meliai stings you!
* * * LOW HITPOINT WARNING * * *
The meliai hits you but does no damage.
The meliai stings you but does no damage.
The meliai calls upon its god to heal the meliai.
The meliai is healed somewhat.
You block the meliai's attack. The meliai barely misses you.
You slash the meliai!
The meliai is heavily wounded.
You hit the meliai. You block the meliai's attack. The meliai stings you.
* * * LOW HITPOINT WARNING * * *
The meliai misses you. The meliai barely misses you.
You block the meliai's attack. The meliai completely misses you.
The meliai calls upon its god to heal the meliai.
The meliai's wounds heal themselves!
You miss the meliai. You headbutt the meliai.
The meliai is heavily wounded.
You slash the meliai!
The meliai calls upon its god to heal the meliai.
The meliai is healed somewhat.
You block the meliai's attack. x2
The meliai misses you.
The meliai stings you but does no damage.
The meliai hits you with a +0 hand axe.
* * * LOW HITPOINT WARNING * * *
The meliai stings you.
* * * LOW HITPOINT WARNING * * *
You fade into invisibility!
The meliai closely misses you. The meliai barely misses you.
The meliai hits you but does no damage. You block the meliai's attack.
The meliai misses you. You block the meliai's attack. The meliai misses you.
You block the meliai's attack.
The meliai mumbles some strange prayers to its god against you.
Something smites you!
You die...

..o.....##...#.#..........)..P...
#.......##.#...#.##########....##
#...o...##.#.###.#....#..........
#######.##.#.###.....##.###.#..##
h..# #..F.#.........##.# #......
##h# ######.........#..######...
...# #............#........._.
'##### #.######.....#.#######...
.....####.##....@....#.........#.
....†>......)............#####.#.
...).†....##......>y.....#.......
..........##.....y.......#.......
..........##.............#.......
.........###.............#.<.....
.........# #####.........#.......
.........# #.........########
#####....### #.........#


You could see 2 meliai.

Vanquished Creatures
  A gargoyle (D:8)
  A komodo dragon (D:8)
  A yak (D:8)
  A wyvern (D:8)
  A shadow (D:7)
  A water moccasin (D:7)
  2 sky beasts (D:7)
  An ice beast (D:8)
  4 black bears
  An orc warrior (D:8)
  An ogre (D:4)
  3 centaurs
  3 phantoms
  6 bullfrogs
  3 scorpions
  7 killer bees (D:8)
  A howler monkey (D:6)
  2 sleepcaps
  4 jellies
  A gnoll bouda (D:7)
  3 orc priests (D:8)
  2 iguanas
  2 orc wizards
  10 adders
  3 gnolls (D:7)
  A shadow imp (D:7)
  3 white imps
  4 ufetubi
  A worm (D:2)
  4 dart slugs
  23 orcs
  10 endoplasms
  7 giant cockroaches
  10 hobgoblins
  4 jackals
  8 kobolds
  3 quokkas
  7 ball pythons
  5 bats
  4 frilled lizards
  4 goblins
  5 rats
168 creatures vanquished.

Notes
Turn   | Place    | Note
-------+----------+-------------------------------------------
     0 | D:1      | Kauriferous the Minotaur Fighter began the quest for the
                  | Orb.
     0 | D:1      | Reached XP level 1. HP: 19/19 MP: 0/0
   145 | D:1      | Reached XP level 2. HP: 27/27 MP: 1/1
   451 | D:1      | Reached skill level 4 in Fighting
   549 | D:2      | Reached XP level 3. HP: 33/33 MP: 2/2
  1134 | D:2      | Identified the scarf "Poyjel" {shadows, Int+2}
  1554 | D:3      | Reached XP level 4. HP: 40/40 MP: 3/3
  1954 | D:4      | Noticed an ogre
  1957 | D:4      | Noticed a phantom
  1979 | D:4      | Killed a phantom
  1980 | D:4      | Reached XP level 5. HP: 35/47 MP: 4/4
  2024 | D:5      | Entered Level 5 of the Dungeon
  2109 | D:5      | Reached skill level 5 in Fighting
  2109 | D:5      | Reached skill level 5 in Armour
  2109 | D:5      | Reached skill level 5 in Shields
  2267 | D:4      | Reached XP level 6. HP: 34/56 MP: 5/5
  2495 | D:4      | Found a broken altar of Ashenzari.
  2533 | D:4      | Identified the +6 hand axe of Betranye {flame, Str+3}
  2730 | D:4      | Found a glowing silver altar of Zin.
  2853 | D:4      | Reached XP level 7. HP: 59/62 MP: 6/6
  2949 | D:5      | Reached skill level 5 in Axes
  3086 | D:5      | Reached skill level 6 in Fighting
  3388 | D:5      | Found a blossoming altar of Fedhas.
  3390 | D:5      | Found an iron altar of Okawaru.
  3390 | D:5      | Found an opulent altar of Gozag.
  3412 | D:5      | Became a worshipper of Warmaster Okawaru
  3524 | D:6      | Reached skill level 7 in Fighting
  3524 | D:6      | Noticed Edmund
  3525 | D:6      | Noticed Sigmund
  3559 | D:7      | Identified the "Xafas"
  3571 | D:7      | Reached XP level 8. HP: 44/73 MP: 7/7
  3584 | D:7      | Reached * piety under Okawaru
  3778 | D:7      | Found a transporter.
  3778 | D:7      | Noticed croobank's ghost (novice DgSh)
  3812 | D:7      | Reached skill level 8 in Fighting
  4095 | D:7      | Found a transporter.
  4136 | D:7      | Reached ** piety under Okawaru
  4137 | D:7      | Reached skill level 9 in Fighting
  4253 | D:7      | Found a shimmering blue altar of Sif Muna.
  4265 | D:7      | Found a bloodstained altar of Trog.
  4569 | D:7      | Found a staircase to the Ecumenical Temple.
  4699 | D:7      | Found a shadowy altar of Dithmenos.
  5209 | D:8      | Reached XP level 9. HP: 84/84 MP: 8/8
  5510 | D:8      | Found a shimmering altar of Xom.
  5540 | D:8      | Reached skill level 10 in Fighting
  5570 | D:8      | Found a stormy altar of Qazlal.
  5610 | D:8      | Reached skill level 1 in Throwing
  5610 | D:8      | Reached skill level 1 in Invocations
  5641 | D:8      | Noticed a komodo dragon
  5655 | D:8      | Killed a komodo dragon
  5655 | D:8      | Reached *** piety under Okawaru
  5950 | D:8      | Found a burning altar of Makhleb.
  5959 | D:8      | Found a staircase to the Lair.
  5964 | D:8      | Noticed a gargoyle
  5976 | D:8      | Killed a gargoyle
  5976 | D:8      | Reached **** piety under Okawaru
  5977 | D:8      | Reached skill level 11 in Fighting
  6204 | D:8      | Reached XP level 10. HP: 69/96 MP: 11/11
  6534 | D:8      | Killed from afar by a meliai

Illustrated notes

Levels and vault maps discovered:
D:1:      dpeg_arrival_pits, layout_rooms, skrybe_limestone_x,
          minmay_box_of_dots
D:2:      layout_basic
D:3:      layout_rooms
D:4:      layout_rooms, zin_statuary, mainiacjoe_overflow_surrounded_room,
          minmay_manual_macuahuitl
D:5:      layout_cave_pools, minitemple
D:6:      layout_loops_ring, gammafunk_ghost_arena, uniq_jeremiah, uniq_edmund,
          uniq_sigmund, uniq_duvessa
D:7:      layout_layer_cave, nzn_overflow_gifts_of_might_and_magic,
          nicolae_dithmenos_the_darkroom, lemuel_temple_firewalk_b,
          gammafunk_ghost_arena
D:8:      layout_basic, mainiacjoe_overflow_two_lobes, bloody_makhleb,
          grunt_lair_entry_orc_guard_hut
D:9:      layout_rooms, serial_ice, serial_ice_n, serial_ice_m, serial_ice_e,
          serial_ice_h, serial_ice_l, serial_ice_b, serial_shops, shop,
          minmay_misc_feat_cross, nicolae_shop_dragon_depot, uniq_maurice

Skill      XL: |  1  2  3  4  5  6  7  8  9 10 |
---------------+-------------------------------+-----
Fighting       | 4 5 7 9 11 | 11.3
Armour         | 4 5 6 8 9 |  9.1
Shields        | 4 5 6 7 9 |  9.0
Axes           | 3 4 6 7 8 |  8.5
Throwing       | 2 3 |  3.0
Invocations    | 2 3 |  3.0

Action                     |  1- 3 |  4- 6 |  7- 9 | 10-12 || total
---------------------------+-------+-------+-------+-------++-------
  Melee: War axe           |    99 |    82 |   244 |    13 ||   438
         Headbutt          |    10 |    14 |    39 |     6 ||    69
  Throw: Boomerang         |       |       |     1 |     2 ||     3
 Invoke: Heroism           |       |       |     1 |     1 ||     2
    Use: Potion            |       |     1 |     1 |     1 ||     3
         Scroll            |       |     6 |     1 |       ||     7
   Stab: Invisible         |       |       |     3 |       ||     3
 Armour: Scale mail        |    52 |    54 |   152 |    31 ||   289
  Dodge: Dodged            |    32 |    31 |   105 |    16 ||   184
  Block: Buckler           |    18 |    17 |   144 |    21 ||   200
         Reflection        |       |       |    12 |       ||    12

Table legend: (Time is in decaauts)
 A = Elapsed time spent in this place.
 B = Non-inter-level travel time spent in this place.
 C = Inter-level travel time spent in this place.
 D = Time resting spent in this place.
 E = Time spent auto-exploring this place.
 F = Levels seen in this place.
 G = Mean time per level.
                   A        B        C        D        E       F      G
               +--------+--------+--------+--------+--------+-----+--------+
         Total |   6638 |   6351 |    287 |   1256 |   3702 |   9 |  737.6 |
       Dungeon |   6638 |   6351 |    287 |   1256 |   3702 |   9 |  737.6 |
               +--------+--------+--------+--------+--------+-----+--------+

Top non-repeatable levels by time:
     D:8: 1532 daAuts
     D:7: 1451 daAuts
     D:2: 953 daAuts
     D:4: 864 daAuts
     D:5: 688 daAuts
     D:1: 547 daAuts
     D:3: 470 daAuts
     D:6: 114 daAuts
     D:9: 15 daAuts
